 Dungeon Crawl Stone Soup version 0.29-a0-334-gb41bcbb86e (webtiles) character file.

Game seed: 9482530333836564641

1082 Essalna the Firebug (level 8, -15/69 HPs)
             Began as a Hill Orc Fire Elementalist on Apr 15, 2022.
             Was an Initiate of Vehumet.
             Demolished by an orc warrior
             ... wielding a +0 battleaxe
              (16 damage)
             ... on level 6 of the Dungeon.
             The game lasted 00:12:48 (6966 turns).

Essalna the Firebug (Hill Orc Fire Elementalist)    Turns: 6966, Time: 00:12:49

Health: -15/69     AC:  5    Str: 11    XL:     8   Next: 30%
Magic:  22/22      EV: 11    Int: 17    God:    Vehumet [......]
Gold:   205        SH:  5    Dex:  8    Spells: 11/14 levels left

rFire   + + +      SeeInvis .   A - +10 mace of the Genius {freeze, *Rage rF+++ MP+9 Dex-3}
rCold   + . .      Faith    .   G - orb {light}
rNeg    . . .      Spirit   .   D - +0 steam dragon scales
rPois   +          Reflect  +   (no helmet)
rElec   .          Harm     .   (no cloak)
rCorr   .          Rampage  .   (no gloves)
Will    .....      Rage     20% (no boots)
Stlth   +.........              x - amulet of reflection
HPRegen 0.21/turn               z - ring of poison resistance
MPRegen 0.18/turn               n - ring of protection from cold

@: about to teleport, glowing
A: no striking features
a: Renounce Religion


You were on level 6 of the Dungeon.
You worshipped Vehumet.
Vehumet was noncommittal.
You visited 2 branches of the dungeon, and saw 7 of its levels.
You also visited: Ossuary.

You collected 205 gold pieces.

Inventory:

Hand Weapons
 f - a +2 dagger of venom
 o - a +1 short sword of holy wrath
 A - the +10 mace of the Genius (weapon) {freeze, *Rage rF+++ MP+9 Dex-3}
   (You found it on level 4 of the Dungeon)

   It freezes those it strikes, dealing additional cold damage.
   It can also slow down cold-blooded creatures.
   Dex:       It affects your dexterity (-3).
   rF:        It renders you almost immune to fire.
   MP:        It affects your magic capacity (+9).
   *Rage:     It berserks you when you make melee attacks (+20% chance).
Armour
 a - a +0 robe
 D - +0 steam dragon scales (worn)
 G - an orb of light (worn)
Jewellery
 e - a ring of resist corrosion
 n - a ring of protection from cold (right hand)
 x - an amulet of reflection (around neck)
 z - a ring of poison resistance (left hand)
 F - a ring of see invisible
Wands
 r - a wand of iceblast (13)
 C - a wand of mindburst (9)
 E - a wand of charming (10)
Scrolls
 c - a scroll of vulnerability
 g - a scroll of enchant weapon {unknown}
 h - a scroll of brand weapon {unknown}
 p - 6 scrolls of identify
 s - a scroll of silence {unknown}
 w - 3 scrolls of enchant armour {unknown}
 y - a scroll of amnesia {unknown}
 H - a scroll of summoning {unknown}
Potions
 b - 3 potions of magic
 d - a potion of ambrosia
 i - 4 potions of degeneration {unknown}
 j - 2 potions of attraction {unknown}
 k - 2 potions of heal wounds {unknown}
 l - 5 potions of curing {unknown}
 m - a potion of resistance {unknown}
 t - 2 potions of invisibility {unknown}
 u - a potion of lignification {unknown}
 v - 2 potions of brilliance {unknown}
 B - a potion of flight {unknown}


   Skills:
 + Level 5.5 Fighting
 - Level 1.5 Dodging
 - Level 1.5 Stealth
 + Level 3.8 Spellcasting
 + Level 4.7 Conjurations
 + Level 6.1 Fire Magic


You had 11 spell levels left.
You knew the following spells:

 Your Spells              Type           Power      Damage    Failure   Level
a - Foxfire               Conj/Fire      84%        2x1d8     1%          1
b - Scorch                Fire           48%        2d7       1%          2

Your spell library contained the following spells:

 Spells                   Type           Power      Damage    Failure   Level
 Conjure Flame            Conj/Fire      21%        6-21      5%          3
 Inner Flame              Hex/Fire       13%        N/A       14%         3
 Sandblast                Erth           6%         2d5       16%         1
 Summon Small Mammal      Summ           12%        N/A       16%         1
 Flame Wave               Conj/Fire      21%        2d7       17%         4
 Stone Arrow              Conj/Erth      22%        3d8       19%         3
 Ensorcelled Hibernation  Hex/Ice        6%         N/A       24%         2
 Passwall                 Tmut/Erth      2%         N/A       24%         2
 Call Canine Familiar     Summ           3%         N/A       43%         3
 Spider Form              Tmut/Pois      3%         N/A       43%         3
 Summon Guardian Golem    Hex/Summ       3%         N/A       43%         3
 Anguish                  Hex/Necr       1%         N/A       85%         4


Dungeon Overview and Level Annotations

Branches:
Dungeon (6/15)             Temple (1/1) D:4         Ossuary (visited)

Altars:
Ashenzari
Cheibriados
Fedhas
Gozag
Hepliaklqana
Kikubaaqudgha
Makhleb
Nemelex Xobeh
Okawaru
Qazlal
Ru
Sif Muna
Trog
Uskayaw
Vehumet
Wu Jian
Xom
Zin
The Shining One


Message History

There is a stone staircase leading up here.
Things that are here:
a +0 leather armour; a +0 dagger You feel yourself speed up.
H - a scroll labelled YRASTR PIFFOATIG You recover from your berserk rage.
An orc comes into view. It is wielding a +0 flail.
The orc shouts!
An orc warrior comes into view. It is wielding a +0 battleaxe.
The orc warrior shouts!
An orc wizard comes into view. It is wielding a +1 dagger of venom.
The orc wizard shouts!
An orc wizard comes into view. It is wielding a +0 dagger.
You block the orc's attack.
You sock the orc! You freeze the orc.
You kill the orc!
Vehumet accepts your kill. The orc warrior barely misses you.
You hit the orc warrior. You freeze the orc warrior.
The orc warrior is lightly wounded.
The orc warrior hits you with a +0 battleaxe!
You completely miss the orc warrior.
The orc warrior is lightly wounded.
The orc warrior hits you with a +0 battleaxe!
The orc warrior hits you with a +0 battleaxe!!
The orc wizard mumbles some strange words.
The orc wizard flickers and vanishes for a moment.
You hit the orc warrior. You freeze the orc warrior.
The orc warrior is moderately wounded.
The orc wizard gestures wildly while chanting.
The orc wizard flickers and vanishes for a moment.
The orc warrior hits you with a +0 battleaxe.
Okay, then.
As you read the scroll of teleportation, it crumbles to dust.
You feel strangely unstable.
The orc warrior hits you with a +0 battleaxe!!
* * * LOW HITPOINT WARNING * * *
The orc warrior attacks as you move away!
The orc warrior hits you with a +0 battleaxe!
You die...

##########
#.........
######.#########
#...............
#.###........##.
#.# #.[#####.#
#.# #..# # #.#
#).##### #@#
#.<....# #o#
#)####.# #o# #)#
#o# #.# #.# #..
#.# ###. #.# ..
#.# .# .#


You could see an orc warrior and 2 orc wizards.

Vanquished Creatures
  Grinder (D:4)
  Edmund (D:4)
  A water moccasin (D:5)
  A centaur (D:5)
  A phantom (D:5)
  A crimson imp (D:5)
  A hound (D:5)
  4 jellies
  An orc priest (D:4)
  2 iguanas
  An orc wizard (D:4)
  A mummy (Ossuary)
  4 gnolls (D:5)
  3 adders
  A shadow imp (D:5)
  A white imp (D:5)
  2 ufetubi
  A worm (D:2)
  A dart slug (D:2)
  11 orcs
  5 spectral bats (Ossuary)
  8 ball pythons
  7 bats
  9 endoplasms
  4 giant cockroaches
  12 gnoll zombies (Ossuary)
  8 goblins
  7 hobgoblins
  2 jackals (D:1)
  3 quokkas
  A bat simulacrum (Ossuary)
  5 frilled lizards
  3 goblin simulacra (Ossuary)
  4 goblin zombies (Ossuary)
  5 hobgoblin zombies (Ossuary)
  4 kobolds
  2 kobold simulacra (Ossuary)
  5 kobold zombies (Ossuary)
  4 orc zombies (Ossuary)
  4 rats
  2 rat simulacra (Ossuary)
  2 spectral goblins (Ossuary)
  4 spectral kobolds (Ossuary)
  2 spectral rats (Ossuary)
152 creatures vanquished.

Vanquished Creatures (collateral kills)
  A foxfire (Ossuary)
1 creature vanquished.

Vanquished Creatures (others)
  464 foxfires
464 creatures vanquished.

Grand Total: 617 creatures vanquished

Notes
Turn   | Place    | Note
-------+----------+-------------------------------------------
     0 | D:1      | Essalna the Hill Orc Fire Elementalist began the quest for
                  | the Orb.
     0 | D:1      | Reached XP level 1. HP: 14/14 MP: 3/3
   309 | D:1      | Reached XP level 2. HP: 13/22 MP: 0/4
   492 | D:1      | Reached skill level 1 in Fighting
   707 | D:1      | Found a faded altar of an unknown god.
   962 | D:1      | Reached XP level 3. HP: 20/28 MP: 0/5
   969 | D:1      | Learned a level 2 spell: Scorch
  2471 | D:3      | Reached skill level 4 in Fire Magic
  2471 | D:3      | Reached XP level 4. HP: 36/36 MP: 3/7
  2798 | D:3      | Reached XP level 5. HP: 42/42 MP: 5/8
  3259 | D:4      | Found a sand-covered staircase.
  3263 | Ossuary  | Entered an ossuary
  4176 | D:4      | Noticed Edmund
  4189 | D:4      | Reached XP level 6. HP: 41/44 MP: 5/9
  4404 | D:4      | Found a glowing golden altar of the Shining One.
  4422 | D:4      | Noticed Grinder
  4435 | D:4      | Killed Grinder
  4436 | D:4      | Reached skill level 5 in Fire Magic
  4436 | D:4      | Reached XP level 7. HP: 49/58 MP: 3/11
  4799 | D:4      | Found a staircase to the Ecumenical Temple.
  4807 | Temple   | Entered the Ecumenical Temple
  4911 | Temple   | Became a worshipper of Vehumet
  5403 | D:4      | Identified the +10 mace of the Genius {freeze, *Rage rF+++
                  | MP+9 Dex-3}
  5485 | D:4      | Found a bloodstained altar of Trog.
  5503 | D:4      | Killed Edmund
  5734 | D:5      | Entered Level 5 of the Dungeon
  6130 | D:5      | Reached skill level 5 in Fighting
  6130 | D:5      | Reached XP level 8. HP: 57/68 MP: 13/13
  6266 | D:5      | Found an ornate altar of the Wu Jian Council.
  6468 | D:5      | Reached skill level 6 in Fire Magic
  6965 | D:6      | HP: 1/69 [orc warrior/+0 battleaxe (20)]
  6966 | D:6      | Demolished by an orc warrior

Illustrated notes

Levels and vault maps discovered:
D:1:      dpeg_arrival_simpleton_b, layout_rooms, basic_ecumenical_altar,
          hangedman_decor_diamond_cutter
D:2:      layout_loops_ring, chequers_serial_rivers_micro_e
D:3:      layout_rooms, kennysheep_generic_room_11
D:4:      layout_basic, mainiacjoe_overflow_brackets, lemuel_doored_altar,
          minmay_temple_entry_nine_rooms, nicolae_ossuary_entry_monument,
          uniq_edmund, uniq_grinder
D:5:      layout_gridville, mainiacjoe_overflow_catwalk, minmay_fire_ice_demons
D:6:      layout_loops_ring, kennysheep_ying_yang
Temple:   regret_index_temple_sphere_string

Skill      XL: |  1  2  3  4  5  6  7  8 |
---------------+-------------------------+-----
Fighting       | 1 2 3 5 |  5.5
Spellcasting   | 2 3 |  3.8
Conjurations   | 2 3 4 |  4.7
Fire Magic     | 4 5 6 |  6.1
Dodging        | |  1.5
Stealth        | |  1.5

Action                   |  1- 3 |  4- 6 |  7- 9 || total
-------------------------+-------+-------+-------++-------
Melee: Unarmed           |     2 |       |       ||     2
       Dagger            |    49 |     5 |     8 ||    62
       Short sword       |       |   131 |       ||   131
       Punch             |       |     2 |       ||     2
       Mace              |       |       |    12 ||    12
 Cast: Foxfire           |    94 |    80 |   101 ||   275
       Scorch            |       |     3 |     6 ||     9
  Use: Scroll            |       |     5 |     1 ||     6
 Stab: Sleeping          |     1 |     5 |     1 ||     7
Armor: Robe              |    15 |    38 |     5 ||    58
       Steam dragon scal |       |       |     2 ||     2
Dodge: Dodged            |    39 |    85 |    22 ||   146
Block: Other             |       |       |     6 ||     6
       Orb               |       |       |     1 ||     1
       Reflection        |       |       |     1 ||     1

Table legend: (Time is in decaauts)
 A = Elapsed time spent in this place.
 B = Non-inter-level travel time spent in this place.
 C = Inter-level travel time spent in this place.
 D = Time resting spent in this place.
 E = Time spent auto-exploring this place.
 F = Levels seen in this place.
 G = Mean time per level.
                   A        B        C        D        E       F      G
               +--------+--------+--------+--------+--------+-----+--------+
         Total |   6988 |   6905 |     83 |    215 |   5570 |   8 |  873.5 |
       Dungeon |   5800 |   5738 |     62 |     13 |   4910 |   6 |  966.7 |
        Temple |    331 |    310 |     21 |    202 |     86 |   1 |  331.0 |
       Ossuary |    856 |    856 |      0 |      0 |    574 |   1 |  856.0 |
               +--------+--------+--------+--------+--------+-----+--------+

Top non-repeatable levels by time:
     D:4: 1304 daAuts
     D:1: 1221 daAuts
     D:2: 1204 daAuts
     D:5: 1192 daAuts
 Ossuary: 856 daAuts
     D:3: 826 daAuts
  Temple: 331 daAuts
     D:6: 51 daAuts
